 Dungeon Crawl Stone Soup version 0.29.1 (webtiles) character file.

Game seed: 17582209476287596235

90454 mortress the Warrior (level 15, -6/152 HPs)
             Began as a Pale Draconian Cinder Acolyte on Sept 2, 2022.
             Was a Believer of Ignis.
             Killed from afar by Frances (25 damage)
             ... with an iron shot
             ... on level 1 of the Shoals on Sept 13, 2022.
             The game lasted 04:54:26 (34591 turns).

mortress the Warrior (DrCA)                        Turns: 34591, Time: 04:54:27

Health: -6/152     AC: 16    Str: 18    XL:     15   Next: 52%
Magic:  25/27      EV: 12    Int: 20    God:    Ignis [**....]
Gold:   2750       SH:  5    Dex:  7    Spells: 12/30 levels left

rFire   + + +      SeeInvis .   h - +6 flail "Iseixy" {freeze, rF++}
rCold   . . .      Faith    .   Z - +0 buckler
rNeg    . . .      Spirit   .   (body armour unavailable)
rPois   .          Reflect  .   (helmet restricted)
rElec   .          Harm     .   (no cloak)
rCorr   .          Rampage  .   y - +0 pair of gloves
Will    +....                   r - +1 pair of boots
Stlth   +++.......              d - amulet of regeneration
HPRegen 1.15/turn               b - +4 ring of protection
MPRegen 0.20/turn               q - ring of flight

@: flying, hasted, very quick
A: breathe steam, AC +9, unfitting armour, cold-blooded, steam resistance
a: Breathe Steam, Renounce Religion, Fiery Armour, Foxfire Swarm


You were on level 1 of the Shoals.
You worshipped Ignis.
Ignis was pleased with you.
You visited 4 branches of the dungeon, and saw 23 of its levels.

You collected 3102 gold pieces.
You spent 352 gold pieces at shops.

Inventory:

Hand Weapons
 e - a +3 scimitar of flaming
 h - the +6 flail "Iseixy" (weapon) {freeze, rF++}
   (You found it on level 15 of the Dungeon)

   It freezes those it strikes, dealing additional cold damage.
   It can also slow down cold-blooded creatures.
   rF:        It greatly protects you from fire.
 m - a +2 short sword of venom
 x - a +3 vorpal short sword
 W - a +1 short sword of electrocution
Missiles
 s - 35 poisoned darts
 I - 3 throwing nets
 J - 11 curare-tipped darts (quivered)
Armour
 r - a +1 pair of boots (worn)
 y - a +0 pair of gloves (worn)
 R - the +10 tower shield of Ignorance {rN+ Int-4}
   (You found it on level 3 of the Lair of Beasts)

   Int:       It affects your intelligence (-4).
   rN:        It protects you from negative energy.
 Z - a +0 buckler (worn)
Jewellery
 b - a +4 ring of protection (left hand)
 d - an amulet of regeneration (around neck)
 p - a +6 ring of strength
 q - a ring of flight (right hand)
Wands
 t - a wand of paralysis (10)
 w - a wand of flame (21)
 E - a wand of acid (5)
 P - a wand of roots (5)
 Q - a wand of polymorph (8)
 T - a wand of digging (18)
Scrolls
 a - a scroll of butterflies
 g - a scroll of torment
 i - a scroll of summoning
 k - 6 scrolls of teleportation
 o - 3 scrolls of enchant weapon
 A - 5 scrolls of immolation
 B - a scroll of enchant armour
 D - 3 scrolls of noise
 F - 4 scrolls of poison
 H - 2 scrolls of identify
 N - 6 scrolls of vulnerability
 O - a scroll of brand weapon
 S - 3 scrolls of magic mapping
 U - a scroll of fear
 X - 2 scrolls of amnesia
Potions
 c - 8 potions of brilliance
 f - 3 potions of mutation
 j - 5 potions of curing
 l - 5 potions of degeneration
 n - a potion of haste
 v - 4 potions of might
 z - 3 potions of cancellation
 C - 4 potions of flight
 G - 8 potions of attraction
 K - 4 potions of magic
 L - 4 potions of lignification
Miscellaneous
 M - a piece from Xom's chessboard (15/15)


   Skills:
 * Level 19.1 Fighting
 - Level 12.0 Short Blades
 + Level 3.0 Maces & Flails
 - Level 2.0 Throwing
 + Level 6.4 Dodging
 - Level 8.0 Stealth
 + Level 7.7 Shields
 - Level 8.0 Spellcasting
 - Level 4.0 Conjurations
 - Level 4.0 Hexes
 - Level 2.0 Summonings
 - Level 8.0 Fire Magic
 + Level 5.0 Evocations


You had 12 spell levels left.
You knew the following spells:

 Your Spells              Type           Power      Damage    Failure   Level
a - Scorch                Fire           80%        2d9       1%          2
b - Summon Small Mammal   Summ           64%        N/A       4%          1
c - Confusing Touch       Hex            24%        N/A       6%          3
d - Foxfire               Conj/Fire      100%       2x1d9     1%          1
e - Flame Wave            Conj/Fire      32%        2d9       9%          4
f - Inner Flame           Hex/Fire       32%        N/A       2%          3
g - Sticky Flame          Conj/Fire      32%        2d5       9%          4

Your spell library contained the following spells:

 Spells                   Type           Power      Damage    Failure   Level
 Magic Dart               Conj           96%        1d7       1%          1
 Conjure Flame            Conj/Fire      32%        6-21      2%          3
 Shock                    Conj/Air       64%        1d7       4%          1
 Dazzling Flash           Conj/Hex       48%        N/A       6%          3
 Tukima's Dance           Hex            24%        N/A       6%          3
 Call Imp                 Summ           16%        N/A       7%          2
 Static Discharge         Conj/Air       16%        3-5/arc   7%          2
 Summon Guardian Golem    Hex/Summ       20%        N/A       9%          3
 Ignite Poison            Fire/Tmut/Pois 18%        N/A       11%         3
 Call Canine Familiar     Summ           16%        N/A       14%         3
 Portal Projectile        Hex/Tloc       32%        N/A       14%         3
 Mephitic Cloud           Conj/Pois/Air  13%        N/A       19%         3
 Swiftness                Air            8%         N/A       30%         3
 Hailstorm                Conj/Ice       16%        3d6       41%         4
 Airstrike                Air            4%         2d(1-17)  71%         4
 Animate Dead             Necr           8%         N/A       71%         4
 Dispel Undead            Necr           8%         3d8       71%         4
 Ice Form                 Ice/Tmut       8%         N/A       71%         4
 Silence                  Hex/Air        8%         N/A       77%         5
 Yara's Violent Unravell  Hex/Tmut       8%         3d5       77%         5
 Freezing Cloud           Conj/Ice/Air   6%         6-21      86%         5
 Agony                    Necr           8%         N/A       96%         5
 Blade Hands              Tmut           4%         N/A       96%         5
 Borgnjor's Vile Clutch   Necr/Erth      4%         N/A       96%         5
 Death Channel            Necr           4%         N/A       100%        6
 Simulacrum               Ice/Necr       4%         N/A       100%        6
 Enfeeble                 Hex            12%        N/A       100%        7


Dungeon Overview and Level Annotations

Branches:
Dungeon (15/15)            Temple (0/1) D:5            Lair (5/5) D:11
 Shoals (1/4) Lair:3        Snake (0/4) Lair:3        Slime (0/5) Lair:4
    Orc (2/2) D:12            Elf (0/3) Orc:2        Vaults (0/5) D:14
 Depths (0/4) D:15

Altars:
Dithmenos
Gozag
Makhleb
Qazlal
Uskayaw
Wu Jian
Xom
The Shining One
Jiyva

Shops:
D:10 (   Orc:2 (*::

Annotations:
D:4 1 runed translucent door
D:5 2 transporters, Lemondrips's ghost, weakling TrDe
D:11 2 transporters
Lair:5 2 runed translucent doors
Shoals:1 Frances
Orc:2 2 transporters, Strat's ghost, journeyman MiFi


Innate Abilities, Weirdness & Mutations

You can breathe blasts of scalding, opaque steam.
Your pale cyan-grey scales are hard. (AC +9)
You cannot fit into any form of body armour.
You are cold-blooded and may be slowed by cold attacks.
You are immune to the effects of steam.


Message History

Okay, then.
Unknown command.
Okay, then.
Aiming: Breathe Steam (1% risk of failure)
Press: ? - help, Shift-Dir - straight line, f/p - Frances
Aim: Frances, wielding a +3 vorpal war axe, wearing a +0 ring mail and wearing a +4 ring of protection (moderately wounded, fast, more vulnerable to fire, 77% to hit)
You exhale a blast of scalding steam.
The ball of steam hits Frances.
Frances is heavily wounded.
Frances is engulfed in a cloud of scalding steam.
Frances screams a word of power!
The iron shot hits you!!!
* * * LOW HITPOINT WARNING * * *
Okay, then.
Unknown command.
You feel much better.
Frances is engulfed in a cloud of scalding steam.
Frances hits you with a +3 vorpal war axe!
* * * LOW HITPOINT WARNING * * *
x2 You block Frances's attack.
You feel much better. Frances barely misses you.
Unknown command.
Aiming: Corrosive Bolt
Press: ? - help, Shift-Dir - straight line, f/p - Frances
Aim: Frances, wielding a +3 vorpal war axe, wearing a +0 ring mail and wearing a +4 ring of protection (heavily wounded, fast, more vulnerable to fire, 77% to hit)
The bolt of acid misses Frances.
You block Frances's attack.
Frances hits you with a +3 vorpal war axe.
* * * LOW HITPOINT WARNING * * *
x2
As you read the scroll of fear, it crumbles to dust.
You assume a fearsome visage.
Frances resists with almost no effort.
You have got your breath back.
You block Frances's attack.
You feel yourself speed up. You block Frances's attack.
Frances hits you but does no damage.
Frances is no longer more vulnerable to fire.
Frances mutters in a terrible tongue.
The shard of ice hits you!!
* * * LOW HITPOINT WARNING * * *
Frances mutters in a terrible tongue.
The iron shot hits you!!
You die...

..~P~.~~....# #......~~~~
..P~~~~~..^.# ##.##.~~~~~
...~~~~~.....###..#.~~~~~
..~~~.....##.......~~≈~~~
.P~~~....####......~~~~~~
..~.....@.###...~~....~~≈ ....
~~PP.....###.##..~..##.~≈ ...P~
~........# #..#...†## #.≈ PP.P≈≈
~.......@###.......# .~≈ ~≈≈≈P~~
P..##.~~..........## .~≈
~≈≈≈~P~~.. #...~.....###.# ..≈
~≈≈≈~....~~~~~~.......# #..# .~~
~≈≈~~.P~~~~~~~~~.~~...# #.... ~~~
~~~..~~..~~~~~~~~~~~~~...~~..~~≈~
.~~...~...~~~~~~..~~.~~~~~~~~~~~~
.~~~~~~~..P~)~~...~..~~~~~~~~~~~~
~~~~~~~~~~P~~~.P~~~~~~~~~~~~~~~~~


You could see Frances (fast).

Vanquished Creatures
  Agnes (D:15)
  Nessos (Orc:2)
  6 boulder beetles
  4 vault guards (D:14)
  An ogre mage (D:15)
  A catoblepas (D:14)
  6 hydras
  10 two-headed ogres
  6 centaur warriors
  A satyr (shapeshifter) (D:9)
  3 death yaks (Lair:4)
  2 tengu warriors (D:14)
  Urug (Lair:1)
  4 orc high priests (Orc:2)
  Sonja (D:13)
  A deep elf knight (D:14)
  A skeletal warrior (D:15)
  A sea snake (Shoals:1)
  A flayed ghost (D:15)
  A lindwurm (Lair:5)
  7 harpies (Shoals:1)
  2 wizards (D:14)
  2 orc knights
  2 deep elf pyromancers
  A necromancer (D:15)
  4 cyclopes
  2 ugly things
  4 manticores
  6 oklob plants
  2 orc sorcerers
  A tengu skeleton (D:15)
  A torpor snail (Lair:1)
  A frost giant skeleton (D:15)
  A merfolk siren (Shoals:1)
  3 molten gargoyles (Lair:5)
  3 elephants (Lair:4)
  2 stone giant skeletons (D:15)
  9 cane toads
  5 black mambas
  2 unseen horrors (D:12)
  Psyche (D:8)
  3 gargoyles
  Maggie (D:8)
  11 komodo dragons
  2 tengu conjurers (D:14)
  A rime drake (Lair:5)
  An efreet (D:15)
  2 kobold demonologists
  5 trolls
  3 merfolk (Shoals:1)
  A polar bear (Lair:5)
  A queen bee (shapeshifter) (D:14)
  24 blink frogs
  3 wind drakes (Shoals:1)
  7 slime creatures
  Prince Ribbit (D:9)
  A snapping turtle (Shoals:1)
  A centaur simulacrum (D:10)
  2 wraiths
  5 wyverns (Lair:5)
  2 shadows
  A vampire (D:10)
  42 yaks
  A human (D:14)
  Grum (D:8)
  10 basilisks
  3 steam dragons (Lair:5)
  The ghost of nickcage the Spear-Bearer, an amateur MfGl of Qazlal (D:4)
  4 vampire mosquitoes (D:12)
  3 nagas (Lair:3)
  2 wargs
  5 hell hounds (Lair:5)
  13 water moccasins
  27 orc warriors
  2 ice beasts (D:6)
  A black bear (Lair:2)
  A sky beast (D:6)
  8 ogres
  The ghost of Zeldest the Shield-Bearer, an amateur FoFi (D:3)
  The ghost of SensoryNuts the Slasher, an amateur DsFi (D:3)
  12 centaurs
  18 wolves
  2 phantoms
  Blork the orc (D:4)
  2 kobold brigands
  5 gnoll sergeants
  7 bullfrogs
  2 necrophages
  3 scorpions
  3 howler monkeys (D:8)
  An electric eel (D:6)
  5 lava snakes (Lair:5)
  37 orc priests
  Crazy Yiuf (D:7)
  3 jellies
  A gnoll bouda (D:6)
  3 iguanas
  A scorpion zombie (D:3)
  32 orc wizards
  A hound zombie (D:3)
  The ghost of Splishie the Shooter, a weakling GnWn (D:3)
  A hound skeleton (D:3)
  6 adders
  23 gnolls
  A river rat (D:4)
  3 white imps
  An ufetubus (D:5)
  An adder skeleton (D:3)
  5 worms
  A dart slug (D:2)
  67 orcs
  6 endoplasms
  3 giant cockroaches
  8 hobgoblins
  2 jackals (D:2)
  5 quokkas
  8 ball pythons
  3 bats (D:1)
  5 frilled lizards
  A giant cockroach zombie (D:3)
  4 goblins
  11 kobolds
  A quokka skeleton (D:3)
  6 rats
  4 bushes (Lair:5)
635 creatures vanquished.

Vanquished Creatures (collateral kills)
  A foxfire (Lair:5)
1 creature vanquished.

Vanquished Creatures (others)
  A manticore (D:15)
  A centaur simulacrum (D:11)
  A bush (Lair:5)
  126 foxfires
  27 fungi
  110 plants
  11 withered plants
277 creatures vanquished.

Grand Total: 913 creatures vanquished

Notes
Turn   | Place    | Note
-------+----------+-------------------------------------------
     0 | D:1      | mortress the Draconian Cinder Acolyte began the quest for
                  | the Orb.
     0 | D:1      | Reached XP level 1. HP: 19/19 MP: 2/2
   679 | D:1      | Reached XP level 2. HP: 26/26 MP: 3/3
  1576 | D:2      | Found a faded altar of an unknown god.
  1800 | D:2      | Reached XP level 3. HP: 11/33 MP: 5/5
  2235 | D:2      | Reached skill level 4 in Fighting
  2414 | D:3      | Found a runed translucent gate.
  2414 | D:3      | Found a runed translucent gate.
  2414 | D:3      | Found a runed translucent gate.
  2418 | D:3      | Noticed SensoryNuts's ghost (amateur DsFi)
  2418 | D:3      | Noticed Zeldest's ghost (amateur FoFi)
  2418 | D:3      | Noticed Splishie's ghost (weakling GnWn)
  2515 | D:3      | Reached skill level 1 in Dodging
  2539 | D:3      | Reached XP level 4. HP: 32/41 MP: 6/6
  2752 | D:3      | Found a burning altar of Makhleb.
  2928 | D:3      | Reached XP level 5. HP: 43/47 MP: 7/7
  3431 | D:4      | Noticed Blork the orc
  3449 | D:4      | Killed Blork the orc
  3450 | D:4      | Reached skill level 5 in Fighting
  3453 | D:4      | Learned a level 2 spell: Scorch
  3455 | D:4      | Learned a level 1 spell: Summon Small Mammal
  3739 | D:4      | Reached XP level 6. HP: 28/56 MP: 9/9
  3968 | D:4      | Found a runed translucent door.
  3973 | D:4      | Noticed nickcage's ghost (amateur MfGl)
  4073 | D:4      | Found a runed translucent door.
  4744 | D:5      | Entered Level 5 of the Dungeon
  5038 | D:5      | Found a transporter.
  5041 | D:5      | Noticed Lemondrips's ghost (weakling TrDe)
  5155 | D:5      | Reached skill level 1 in Summonings
  5261 | D:5      | Your scales start taking on a pale cyan-grey colour.
  5261 | D:5      | Reached XP level 7. HP: 45/62 MP: 3/11
  5261 | D:5      | Gained mutation: You are immune to the effects of steam.
                  | [Pale Draconian growth]
  5441 | D:5      | Reached skill level 6 in Fighting
  5533 | D:5      | Reached skill level 1 in Evocations
  5823 | D:5      | Found a staircase to the Ecumenical Temple.
  5876 | D:5      | Found a transporter.
  6174 | D:6      | Reached XP level 8. HP: 42/71 MP: 11/13
  6176 | D:6      | Reached skill level 7 in Fighting
  6323 | D:6      | Reached skill level 5 in Short Blades
  6552 | D:6      | Reached skill level 8 in Fighting
  6735 | D:6      | Reached skill level 1 in Stealth
  7012 | D:6      | Reached XP level 9. HP: 77/82 MP: 15/15
  7280 | D:6      | Found a glowing golden altar of the Shining One.
  7866 | D:7      | Reached skill level 9 in Fighting
  8033 | D:7      | Learned a level 3 spell: Confusing Touch
  8543 | D:7      | Found a runed translucent door.
  8544 | D:7      | Noticed Crazy Yiuf
  8550 | D:7      | Killed Crazy Yiuf
  8607 | D:7      | Identified the +7 hammer of Voretwi {speed, rElec Str-5
                  | Dex+7}
  8786 | D:8      | Noticed Grum
  8805 | D:8      | Reached skill level 1 in Throwing
  8812 | D:8      | Reached skill level 1 in Hexes
  8821 | D:8      | Killed Grum
  9110 | D:8      | Noticed Psyche
  9117 | D:8      | Killed Psyche
  9345 | D:8      | Noticed Maggie
  9378 | D:8      | Killed Maggie
  9379 | D:8      | Reached skill level 10 in Fighting
  9836 | D:8      | Reached XP level 10. HP: 44/93 MP: 16/16
 10453 | D:9      | Found a stormy altar of Qazlal.
 10778 | D:9      | Reached skill level 11 in Fighting
 11050 | D:9      | Noticed a two-headed ogre
 11073 | D:9      | Killed a two-headed ogre
 11195 | D:9      | Noticed Prince Ribbit
 11207 | D:9      | Killed Prince Ribbit
 11330 | D:9      | Noticed an elephant
 11365 | D:9      | Noticed a shining eye
 11404 | D:9      | Noticed an ice dragon
 11410 | D:9      | Noticed a satyr
 11410 | D:9      | an ice dragon changed into a satyr
 11433 | D:9      | Killed a satyr
 11712 | D:10     | Entered Level 10 of the Dungeon
 11822 | D:10     | Reached skill level 12 in Fighting
 12324 | D:10     | Found Notiapemm's Weapon Shop.
 12339 | D:10     | Found a shimmering altar of Xom.
 12339 | D:10     | Found an opulent altar of Gozag.
 12341 | D:10     | Found a shadowy altar of Dithmenos.
 12524 | D:11     | Noticed a cyclops
 12531 | D:11     | Noticed a six-headed hydra
 12592 | D:11     | Found a staircase to the Lair.
 12611 | Lair:1   | Entered Level 1 of the Lair of Beasts
 12702 | Lair:1   | Noticed an oklob plant
 12746 | Lair:1   | Noticed a black mamba
 12764 | Lair:1   | Killed a black mamba
 12765 | Lair:1   | Reached XP level 11. HP: 15/105 MP: 17/17
 13407 | Lair:1   | Noticed Urug
 13431 | Lair:1   | Killed Urug
 13432 | Lair:1   | Reached skill level 13 in Fighting
 15246 | Lair:1   | Identified the +1 robe "Cakh" {Rampage rElec rC- rCorr}
 15377 | Lair:1   | Killed an oklob plant
 15378 | Lair:1   | Reached skill level 5 in Fire Magic
 15520 | Lair:1   | Noticed an oklob plant
 15586 | Lair:1   | Killed an oklob plant
 15587 | Lair:1   | Reached skill level 14 in Fighting
 15596 | Lair:1   | Noticed an oklob plant
 15765 | Lair:1   | Killed an oklob plant
 15776 | Lair:1   | Noticed an oklob plant
 15817 | Lair:1   | Killed an oklob plant
 15947 | Lair:1   | Noticed an oklob plant
 15983 | Lair:1   | Killed an oklob plant
 16488 | Lair:2   | Reached skill level 5 in Spellcasting
 17125 | Lair:2   | Reached XP level 12. HP: 48/118 MP: 19/19
 17489 | Lair:2   | Reached skill level 10 in Short Blades
 18077 | Lair:2   | Found an ornate altar of the Wu Jian Council.
 18077 | Lair:2   | Found a hide-covered altar of Uskayaw.
 18077 | Lair:2   | Noticed a boulder beetle
 18173 | Lair:2   | Killed a boulder beetle
 18174 | Lair:2   | Reached skill level 15 in Fighting
 18970 | Lair:3   | Noticed a seven-headed hydra
 18986 | Lair:3   | Learned a level 1 spell: Foxfire
 19055 | Lair:3   | Killed a seven-headed hydra
 19094 | Lair:3   | Found a staircase to the Shoals.
 19371 | Lair:3   | Found a staircase to the Snake Pit.
 19475 | Lair:3   | Noticed a five-headed hydra
 19495 | Lair:3   | Killed a five-headed hydra
 19694 | Lair:3   | You are sucked into a shaft and drop 1 floor!
 19984 | Lair:3   | Found the +10 tower shield of Ignorance {rN+ Int-4}
 20004 | Lair:3   | Reached skill level 5 in Stealth
 20614 | Lair:4   | Noticed a boulder beetle
 20678 | Lair:4   | Killed a boulder beetle
 20679 | Lair:4   | Reached skill level 1 in Shields
 21112 | Lair:4   | Noticed a death yak
 21114 | Lair:4   | Noticed a death yak
 21116 | Lair:4   | Noticed a death yak
 21144 | Lair:4   | Killed a death yak
 21145 | Lair:4   | Reached XP level 13. HP: 34/128 MP: 11/22
 21153 | Lair:4   | Reached skill level 1 in Conjurations
 21343 | Lair:4   | Identified the +7 triple sword of Taphadon {vorpal, Dex+4}
 21433 | Lair:4   | Found a viscous altar of Jiyva.
 21433 | Lair:4   | Found a staircase to the Slime Pits.
 21789 | Lair:5   | Entered Level 5 of the Lair of Beasts
 21889 | Lair:4   | Learned a level 4 spell: Flame Wave
 22286 | Lair:5   | Reached skill level 16 in Fighting
 22426 | Lair:5   | Found a large runed translucent door.
 22566 | Lair:5   | Reached skill level 5 in Dodging
 22856 | Lair:5   | Noticed a fire dragon
 22857 | Lair:5   | Found a large runed translucent door.
 23884 | Lair:5   | Learned a level 3 spell: Inner Flame
 24489 | Lair:5   | Learned a level 4 spell: Sticky Flame
 25412 | D:11     | Found a transporter.
 25551 | D:11     | Noticed a frost giant
 25698 | D:11     | Found a transporter.
 25946 | D:3      | Killed SensoryNuts's ghost
 25947 | D:3      | Killed Splishie's ghost
 25953 | D:3      | Killed Zeldest's ghost
 26143 | D:4      | Killed nickcage's ghost
 26429 | D:12     | Reached XP level 14. HP: 95/138 MP: 17/24
 26555 | D:12     | Found the +10 dark maul {vorpal}
 26978 | D:12     | Found a staircase to the Orcish Mines.
 27303 | Orc:1    | Entered Level 1 of the Orcish Mines
 27514 | Orc:2    | Entered Level 2 of the Orcish Mines
 27829 | Orc:2    | Found a staircase to the Elven Halls.
 27910 | Orc:2    | Noticed Nessos
 27924 | Orc:2    | Killed Nessos
 27940 | Orc:2    | Reached skill level 17 in Fighting
 27943 | Orc:2    | Found Ireabar's Book Shop.
 27943 | Orc:2    | Found Aptam's Antique Weapon Boutique.
 27943 | Orc:2    | Found Asateyr's Book Shop.
 27943 | Orc:2    | Found Wuuwkax's Assorted Antiques.
 27985 | Orc:2    | HP: 5/140 [orc high priest/divine providence (14)]
 28010 | Orc:2    | HP: 4/140 [smoke demon/divine providence[an orc high
                  | priest] (16)]
 28332 | Orc:2    | Bought a potion of curing for 96 gold pieces
 28332 | Orc:2    | Bought a potion of heal wounds for 160 gold pieces
 28332 | Orc:2    | Bought a potion of curing for 96 gold pieces
 28594 | Orc:2    | Noticed Strat's ghost (journeyman MiFi)
 28594 | Orc:2    | Identified the +9 dire flail of Magnificence {vorpal, rF+
                  | rC+ Stlth+}
 28595 | Orc:2    | Found a transporter.
 28603 | Orc:2    | Found a transporter.
 28828 | Orc:1    | Reached skill level 5 in Shields
 30424 | D:13     | Noticed Sonja
 30429 | D:13     | Killed Sonja
 30874 | D:14     | Paralysed by a tengu conjurer for 2 turns
 31673 | D:14     | Reached skill level 18 in Fighting
 31733 | D:14     | Found a gate to the Vaults.
 31855 | D:14     | Upgraded the game from 0.29.0-11-gd7f09526c8 to 0.29.1
 31946 | D:14     | Reached XP level 15. HP: 103/149 MP: 27/27
 32420 | D:14     | Identified a scroll of acquirement
 32425 | D:14     | Acquired 1004 gold pieces
 32463 | D:15     | Entered Level 15 of the Dungeon
 32596 | D:15     | Identified the +6 flail "Iseixy" {freeze, rF++}
 32623 | D:15     | Found a staircase to the Depths.
 32674 | D:15     | Noticed Agnes
 32877 | D:15     | Killed Agnes
 32878 | D:15     | Reached skill level 1 in Maces & Flails
 33832 | Shoals:1 | Entered Level 1 of the Shoals
 33979 | Shoals:1 | Reached skill level 19 in Fighting
 34136 | Shoals:1 | Noticed Frances
 34258 | Shoals:1 | Reached skill level 5 in Evocations
 34591 | Shoals:1 | Killed from afar by Frances

Illustrated notes

Levels and vault maps discovered:
D:1:      heliophobic_arrival_ceremonial_halls, layout_rooms,
          serial_bayou_pond_b, minmay_box_of_dots
D:2:      layout_rooms, chequers_ecumenical_altar_simple,
          kennysheep_another_room, grunt_decor_cap, glass_columns_a,
          amcnicky_mini_rare_corridor_liquid
D:3:      layout_loops_cross, bloody_makhleb, serial_undead, serial_undead_d,
          serial_undead_c, serial_undead_a, serial_undead_b,
          gammafunk_ghost_cemetery
D:4:      layout_rooms, ebering_ghost_sewer_f, uniq_blork_the_orc
D:5:      layout_cave_pools, temple_hall, gammafunk_ghost_stat_death
D:6:      wad_river_or_something, layout_cave_pools, tso_metal_star
D:7:      layout_loops_ring, uniq_crazy_yiuf_cottage
D:8:      layout_gridville, hangedman_decor_peaks_small, uniq_grum, uniq_maggie,
          uniq_psyche
D:9:      layout_cave_pods, lemuel_crystal_altar, uniq_prince_ribbit1
D:10:     layout_basic, nicolae_overflow_hidden_temple, serial_shops,
          nicolae_shop_bloodbath_and_beyond, minmay_microvault
D:11:     gammafunk_the_bubble [the_bubble_gammafunk_split], layout_loops_cross,
          lair_entry_dummy
D:12:     layout_rooms, david_orc_4
D:13:     layout_gridville, uniq_sonja
D:14:     layout_loops_corners, grunt_vaults_entry_fortified
D:15:     gammafunk_depths_entry_grave, layout_cave_pools,
          hangedman_decor_lopped, uniq_agnes
Lair:1:   minmay_lair_oklob_tunnel, layout_gridlike, minmay_lair_oklob_bushes,
          uniq_urug
Lair:2:   layout_chaotic_city, chequers_serial_rivers_small_3,
          nzn_masters_of_martial_movement
Lair:3:   layout_small_grid, minmay_shoals_entry_centaurs,
          guppyfry_snake_entry_garden
Lair:4:   layout_regular_city, dpeg_slime_entry_enclosed,
          infiniplex_staircase_pool_2
Lair:5:   cheibrodos_lair_end_hotspot, layout_gridlike
Shoals:1: layout_shoals, uniq_frances
Orc:1:    layout_caves
Orc:2:    st_orc_mages, layout_caves, gammafunk_ghost_smash, basic_altar,
          uniq_nessos

Skill      XL: |  1  2  3  4  5  6  7  8  9 10 11 12 13 14 15 |
---------------+----------------------------------------------+-----
Fighting       | 4 5 6 8 10 12 14 15 16 18 19 | 19.1
Dodging        | 1 2 3 4 5 6 |  6.4
Spellcasting   | 2 3 4 5 6 7 8 |  8.0
Short Blades   | 4 5 6 8 9 10 11 12 | 12.0
Fire Magic     | 4 5 7 8 |  8.0
Summonings     | 1 2 |  2.0
Evocations     | 2 3 4 5 |  5.0
Stealth        | 1 3 4 5 6 8 |  8.0
Throwing       | 2 |  2.0
Hexes          | 2 4 |  4.0
Shields        | 1 3 6 7 |  7.7
Conjurations   | 3 4 |  4.0
Maces & Flails | 3 |  3.0

Action                   |  1- 3 |  4- 6 |  7- 9 | 10-12 | 13-15 || total
-------------------------+-------+-------+-------+-------+-------++-------
Melee: Short sword       |   230 |   229 |   275 |   589 |  1115 ||  2438
       Tailslap          |    27 |    23 |    39 |    98 |   275 ||   462
       Punch             |     3 |     1 |     2 |     6 |    11 ||    23
       Spear             |       |       |       |       |    29 ||    29
       Flail             |       |       |       |       |    70 ||    70
Throw: Dart              |       |       |     5 |       |    16 ||    21
 Cast: Scorch            |       |     6 |     3 |    63 |   173 ||   245
       Summon Small Mamm |       |       |       |    10 |       ||    10
       Foxfire           |       |       |       |    12 |    60 ||    72
       Flame Wave        |       |       |       |       |    30 ||    30
       Confusing Touch   |       |       |       |       |     7 ||     7
       Sticky Flame      |       |       |       |       |    13 ||    13
Invok: Fiery Armour      |     1 |       |       |     1 |     6 ||     8
       Rising Flame      |       |       |       |       |     1 ||     1
 Abil: Breathe Steam     |       |       |    35 |   125 |   144 ||   304
Evoke: Wand              |     5 |     2 |    10 |    16 |    18 ||    51
       Piece from Xom's  |       |       |       |     2 |       ||     2
  Use: Scroll            |       |     1 |     6 |    11 |    18 ||    36
       Potion            |       |       |     4 |     1 |    20 ||    25
 Stab: Paralysed         |       |       |     4 |     7 |     9 ||    20
       Sleeping          |       |       |       |     1 |     9 ||    10
       Confused          |       |       |       |       |    13 ||    13
       Distracted        |       |       |       |       |     1 ||     1
       Petrifying        |       |       |       |       |     2 ||     2
Armor: Skin              |    74 |    92 |   102 |   232 |   590 ||  1090
Dodge: Dodged            |   130 |   116 |   153 |   286 |   677 ||  1362
Block: Buckler           |       |       |       |       |   103 ||   103
